 Dungeon Sprint DCSS version 0.30-a0-360-g447f08457e (webtiles) character file.

Game seed: 13432216203444269362

640 Pestilence the Frost Mage (level 7, -6/46 HPs)
             Began as a Demonspawn Ice Elementalist on Nov 13, 2022.
             Was a Follower of Sif Muna.
             Mangled by a shadow (27 damage)
             ... in the Dungeon (Sprint IX: "|||||||||||||||||||||||||||||").
             The game lasted 00:01:59 (258 turns).

Pestilence the Frost Mage (DsIE)                     Turns: 258, Time: 00:02:01

Health: -6/46      AC:  8    Str: 11    XL:     7   Next: 26%
Magic:  13/19      EV: 16    Int: 21    God:    Sif Muna [*.....]
Gold:   0          SH:  0    Dex: 14    Spells: 15/23 levels left

rFire   . . .      SeeInvis .    k - +2 morningstar (protect)
rCold   . . .      Faith    .    (no shield)
rNeg    . . .      Spirit   .    a - +0 robe
rPois   .          Reflect  .    (no helmet)
rElec   .          Harm     .    m - +0 cloak
rCorr   +          Rampage  .    l - +0 pair of gloves
Will    .....      NoTele   +    (no boots)
Stlth   ++........               (no amulet)
HPRegen 0.27/turn                n - +3 ring of strength
MPRegen 0.32/turn                o - +3 ring of intelligence

@: freezing walls
A: yellow scales 3, magic regeneration
a: Renounce Religion, Channel Magic


You were in the Dungeon.
You worshipped Sif Muna.
Sif Muna was aware of your devotion.
You visited 1 branch

Inventory:

Hand Weapons
 k - a +2 morningstar of protection (weapon)
Armour
 a - a +0 robe (worn)
 l - a +0 pair of gloves (worn)
 m - a +0 cloak (worn)
Jewellery
 n - a +3 ring of strength (left hand)
 o - a +3 ring of intelligence (right hand)
Wands
 j - a wand of iceblast (10)
Scrolls
 h - 2 scrolls of amnesia
 i - a scroll of blinking
Potions
 b - 3 potions of magic
 c - a potion of invisibility
 d - 3 potions of heal wounds
 e - a potion of haste
 f - a potion of berserk rage
 g - 4 potions of curing


   Skills:
 + Level 8.6 Dodging
 - Level 1.7 Stealth
 + Level 8.6 Spellcasting
 + Level 9.2 Ice Magic


You had 15 spell levels left.
You knew the following spells:

 Your Spells              Type           Power      Damage    Failure   Level
a - Freeze                Ice            100%       1d10      1%          1
b - Frozen Ramparts       Ice            96%        1d15      1%          3
c - Summon Ice Beast      Ice/Summ       28%        N/A       11%         4

Your spell library contained the following spells:

 Spells                   Type           Power      Damage    Failure   Level
 Ozocubu's Armour         Ice            48%        N/A       1%          3


Dungeon Overview and Level Annotations

Branches:
Dungeon (1/1)

Altars:
Cheibriados
Dithmenos
Fedhas
Gozag
Hepliaklqana
Kikubaaqudgha
Makhleb
Nemelex Xobeh
Okawaru
Qazlal
Ru
Sif Muna
Trog
Uskayaw
Vehumet
Wu Jian
Xom
Yredelemnul
Jiyva
Lugonu


Innate Abilities, Weirdness & Mutations

You are completely covered in yellow scales. (AC +4, rCorr)
You regenerate magic rapidly.


Message History

You barely miss the shadow.
The shadow is severely damaged.
The wall freezes the orc warrior.
The shadow completely resists.
The wall freezes the shadow but does no damage.
The shadow barely misses you.
The wall freezes the yak.
The wall freezes the orc warrior.
The shadow completely resists.
The wall freezes the shadow but does no damage.
The shadow barely misses you.
The wall freezes the yak.
You closely miss the shadow.
The shadow is severely damaged.
The wall freezes the orc warrior!
You kill the orc warrior!
Sif Muna accepts your kill.
The shadow completely resists.
The wall freezes the shadow but does no damage.
The shadow slips into darkness.
The shadow flickers and vanishes!
Deactivating autopickup; reactivate with Ctrl-A.
The wall freezes the yak!
You kill the yak!
Sif Muna accepts your kill.
Your Dodging skill increases to level 8!
Your Spellcasting skill increases to level 8!
Your Ice Magic skill increases to level 9!
You have reached level 7!
Your demonic ancestry asserts itself...
Yellow scales cover your body completely.
Your frozen ramparts will break if you move.
Continue?
Okay, then.
Your frozen ramparts will break if you move.
Continue?
Okay, then.
Casting: Frozen Ramparts (safe; 1% risk of failure)
Confirm with . or Enter, or press ? or * to list all spells.
Aiming: Freeze (safe; 1% risk of failure)
Press: ? - help, Shift-Dir - straight line You freeze something but do no damage.
The wall freezes something but does no damage.
The shadow strikes at you from the darkness!
Ouch! That really hurt!
You die... ▓▓▓▓▓▓▓▓▓▓▓▓▓▓▓▓▓▓▓▓▓▓▓▓ _______'..)...[.@{)).... ▓▓▓▓▓▓▓▓▓▓▓▓▓▓▓▓▓▓▓▓▓▓▓▓

There were no monsters in sight!

Vanquished Creatures
  A yak (D)
  A steam dragon (D)
  A water moccasin (D)
  An orc warrior (D)
  A centaur (D)
  A howler monkey (D)
  A hound (D)
  An iguana (D)
  An adder (D)
  An orc (D)
  2 giant cockroaches (D)
  2 bats (D)
  A frilled lizard (D)
15 creatures vanquished.

Notes
Turn   | Place    | Note
-------+----------+-------------------------------------------
     0 | D        | Pestilence the Demonspawn Ice Elementalist began the quest
                  | for the Orb.
     0 | D        | Reached XP level 1. HP: 13/13 MP: 3/3
    36 | D        | Reached skill level 4 in Ice Magic
    80 | D        | Noticed a water moccasin
    80 | D        | Noticed an iguana
    80 | D        | Noticed a hound
    92 | D        | Killed a water moccasin
    93 | D        | Reached skill level 5 in Dodging
    93 | D        | Reached skill level 5 in Spellcasting
    93 | D        | Reached skill level 6 in Ice Magic
    93 | D        | Gained mutation: You are partially covered in yellow
                  | scales. (AC +2) [demonic ancestry]
    93 | D        | Reached XP level 2. HP: 19/19 MP: 4/8
    93 | D        | Gained mutation: You are mostly covered in yellow scales.
                  | (AC +3) [demonic ancestry]
    93 | D        | Reached XP level 3. HP: 24/24 MP: 4/9
    93 | D        | Reached XP level 4. HP: 30/30 MP: 4/11
   103 | D        | Reached XP level 5. HP: 23/35 MP: 10/13
   164 | D        | Learned a level 3 spell: Frozen Ramparts
   169 | D        | Learned a level 4 spell: Summon Ice Beast
   180 | D        | Found a snail-covered altar of Cheibriados.
   180 | D        | Found a shadowy altar of Dithmenos.
   180 | D        | Found a blossoming altar of Fedhas.
   180 | D        | Found an opulent altar of Gozag.
   181 | D        | Found a hazy altar of Hepliaklqana.
   182 | D        | Found a viscous altar of Jiyva.
   183 | D        | Found an ancient bone altar of Kikubaaqudgha.
   184 | D        | Found a corrupted altar of Lugonu.
   185 | D        | Found a burning altar of Makhleb.
   186 | D        | Found a sparkling altar of Nemelex Xobeh.
   187 | D        | Found an iron altar of Okawaru.
   188 | D        | Found a stormy altar of Qazlal.
   189 | D        | Found a sacrificial altar of Ru.
   190 | D        | Found a shimmering blue altar of Sif Muna.
   191 | D        | Found a bloodstained altar of Trog.
   192 | D        | Found a hide-covered altar of Uskayaw.
   193 | D        | Found a radiant altar of Vehumet.
   194 | D        | Found an ornate altar of the Wu Jian Council.
   195 | D        | Found a shimmering altar of Xom.
   196 | D        | Found a basalt altar of Yredelemnul.
   198 | D        | Became a worshipper of Sif Muna the Loreminder
   243 | D        | Noticed a steam dragon
   243 | D        | Noticed a shadow
   243 | D        | Noticed a centaur
   243 | D        | Noticed a yak
   243 | D        | Noticed an orc warrior
   246 | D        | Killed a steam dragon
   247 | D        | Reached skill level 7 in Ice Magic
   247 | D        | Gained mutation: You regenerate magic rapidly. [demonic
                  | ancestry]
   247 | D        | Reached XP level 6. HP: 19/41 MP: 11/16
   248 | D        | Reached skill level 8 in Ice Magic
   251 | D        | Reached * piety under Sif Muna
   257 | D        | Killed an orc warrior
   257 | D        | Killed a yak
   258 | D        | Reached skill level 9 in Ice Magic
   258 | D        | Gained mutation: You are completely covered in yellow
                  | scales. (AC +4, rCorr) [demonic ancestry]
   258 | D        | Reached XP level 7. HP: 21/46 MP: 14/19
   258 | D        | Mangled by a shadow

Illustrated notes

Levels and vault maps discovered:
D:        linesprint [early_d, line_temple, items_1, d_10, items_2, lair_1,
          lair_end, items_3, orc_1, orc_end, items_4, d_15, swamp_1, shoals_1,
          snake_1, spider_1, d_20, vaults_1, items_5, swamp_end, shoals_end,
          snake_end, spider_end, vaults_end, d_27, items_6, zot_1, zot_end,
          crypt_end, forest_end, elf_end, slime_end, tomb_end, abyss_end,
          pan_hell_end]

Skill      XL: |  1  2  3  4  5  6 |
---------------+-------------------+-----
Dodging        | 5 7 8 |  8.6
Ice Magic      | 6 7 9 |  9.2
Spellcasting   | 5 7 8 |  8.6
Stealth        | |  1.7

Action                   |  1- 3 |  4- 6 |  7- 9 || total
-------------------------+-------+-------+-------++-------
Melee: Unarmed           |    10 |     2 |       ||    12
       Morningstar       |       |    12 |       ||    12
 Cast: Freeze            |    10 |    12 |     1 ||    23
       Frozen Ramparts   |       |     2 |       ||     2
  Use: Potion            |     2 |     1 |       ||     3
       Scroll            |     1 |       |       ||     1
Armor: Robe              |     6 |     9 |       ||    15
Dodge: Dodged            |     9 |    16 |       ||    25

Table legend: (Time is in decaauts)
 A = Elapsed time spent in this place.
 B = Non-inter-level travel time spent in this place.
 C = Inter-level travel time spent in this place.
 D = Time resting spent in this place.
 E = Time spent auto-exploring this place.
 F = Levels seen in this place.
 G = Mean time per level.
                   A        B        C        D        E       F      G
               +--------+--------+--------+--------+--------+-----+--------+
         Total |    262 |    262 |      0 |    104 |      0 |   1 |  262.0 |
       Dungeon |    262 |    262 |      0 |    104 |      0 |   1 |  262.0 |
               +--------+--------+--------+--------+--------+-----+--------+

Top non-repeatable levels by time:
       D: 262 daAuts
